AoeStats
← TorukMakto

African Clearing

504739033Analyzed
4v4 RM · 25d ago on Sep 6, 2026· 64m 17s· 8 players
Game mode
Random Map
Map size
Large (8 player)
Population
200
Speed
Normal
Resources
Standard
Victory
Conquest
Starting age
Dark Age
Ending age
Imperial Age
RankedLock teamsTeams togetherTeam positionsShared explorationLock speedFull tech treeHidden civsTurbo modeCheats
Victory
Defeat
🇫🇷 Vietnamese · France
977
+14
🇧🇪 Spanish · Belgium
960
+14
🇹🇷 Cumans · Türkiye
948
+15
🇨🇳 Khitans · China
895
+17
🇬🇧 Mongols · United Kingdom
951
-16
🇫🇷 Goths · France
931
-15
🇵🇱 Wei · Poland
912
-15
🇹🇷 Franks · Türkiye
893
-14
waw15
8:01 Loom
8:11 Loom
13:18 Feudal Age
18:38 Castle Age
16:30 Double-Bit Axe
18:56 Gold Mining
22:29 Fletching
23:45 Elite Skirmisher
35:24 Imperial Age
34:09 Horse Collar
35:55 Capped Ram
36:54 Bodkin Arrow
37:00 Padded Archer Armor
38:00 Heavy Plow
38:13 Bow Saw
38:18 Caravan
39:20 Gold Shaft Mining
40:09 Chemistry
39:41 Leather Archer Armor
41:12 Drill
42:08 Ballistics
41:51 Bracer
42:02 Forging
42:05 Siege Ram
47:01 Elite Mangudai
47:23 Onager
54:33 Siege Onager
59:27 Wheelbarrow
PiotrekEs
12:27 Loom
14:34 Feudal Age
19:42 Castle Age
17:33 Double-Bit Axe
18:10 Gold Mining
18:39 Bloodlines
20:55 Husbandry
21:59 Fletching
23:21 Bow Saw
26:15 Padded Archer Armor
29:20 Wheelbarrow
30:28 Thumb Ring
32:14 Bodkin Arrow
32:35 Leather Archer Armor
34:10 Tuntian
35:04 Hand Cart
41:29 Imperial Age
43:14 Bracer
44:53 Conscription
47:32 Parthian Tactics
47:34 Ming Guang Armor
48:15 Ring Archer Armor
47:56 Forging
47:51 Scale Barding Armor
47:46 Heavy Hei Guang Cavalry
49:30 Ballistics
49:21 Masonry
48:52 Treadmill Crane
50:12 Chemistry
51:53 Caravan
52:37 Chain Barding Armor
52:17 Horse Collar
55:24 Hoardings
55:56 Fortified Wall
60:47 Iron Casting
60:12 Scale Mail Armor
63:51 Murder Holes
63:19 Pikeman
63:59 Squires
TorukMakto
5:03 Loom
14:29 Feudal Age
15:58 Wheelbarrow
15:08 Town Watch
15:11 Double-Bit Axe
20:55 Forging
23:19 Scale Barding Armor
29:43 Castle Age
30:17 Gold Mining
30:17 Stone Mining
31:30 Bow Saw
31:39 Hand Cart
31:24 Town Patrol
32:05 Fervor
32:26 Chain Barding Armor
32:41 Iron Casting
33:07 Light Cavalry
33:47 Husbandry
37:06 Iron Casting
45:23 Imperial Age
45:02 Gold Shaft Mining
45:23 Gambesons
45:38 Squires
44:59 Pikeman
45:49 Cavalier
47:31 Blast Furnace
47:06 Plate Barding Armor
47:31 Conscription
47:48 Hoardings
47:14 Chivalry
47:39 Cavalier
48:10 Crossbowman
48:50 Paladin
55:15 Heavy Scorpion
56:53 Scale Mail Armor
61:07 Chain Mail Armor
62:33 Halberdier
63:46 Plate Mail Armor
Point and Click
6:21 Loom
17:14 Feudal Age
18:32 Town Watch
22:27 Man-at-Arms
39:17 Double-Bit Axe
39:24 Horse Collar
43:07 Castle Age
49:01 Town Patrol
57:47 Bow Saw
Mortare
13:18 Feudal Age
13:03 Loom
13:47 Double-Bit Axe
13:45 Horse Collar
14:03 Gold Mining
19:22 Fletching
22:14 Castle Age
20:32 Stone Mining
24:48 Bow Saw
26:59 Stone Shaft Mining
26:43 Heavy Plow
30:15 Elite Skirmisher
30:59 Padded Archer Armor
30:55 Bodkin Arrow
32:35 Leather Archer Armor
34:31 Pikeman
35:14 Squires
34:59 Arson
35:33 Forging
35:23 Scale Mail Armor
36:50 Wheelbarrow
40:32 Imperial Age
38:20 Thumb Ring
39:16 Hand Cart
40:25 Ballistics
40:11 Chatras
40:53 Imperial Skirmisher
45:03 Chemistry
45:06 Crop Rotation
45:38 Two-Man Saw
44:17 Elite Fire Lancer
46:03 Ring Archer Armor
45:49 Chain Mail Armor
48:56 Caravan
49:16 Bracer
49:56 Iron Casting
52:08 Elite Rattan Archer
52:48 Halberdier
54:53 Siege Engineers
55:21 Plate Mail Armor
Wimvdm91
14:00 Feudal Age
16:21 Double-Bit Axe
20:54 Castle Age
21:22 Bloodlines
22:36 Forging
22:56 Husbandry
26:19 Gold Mining
34:10 Horse Collar
36:08 Wheelbarrow
37:39 Bow Saw
41:22 Imperial Age
39:58 Scale Barding Armor
40:09 Elite Skirmisher
40:55 Thumb Ring
41:41 Cavalier
44:00 Fletching
46:15 Iron Casting
48:34 Loom
49:05 Hand Cart
51:41 Chemistry
52:33 Paladin
55:27 Chain Barding Armor
60:06 Blast Furnace
61:21 Plate Barding Armor
62:13 Heavy Plow
62:41 Bodkin Arrow
63:47 Bracer
63:48 Scale Mail Armor
63:15 Capped Ram
Hediyelik Yogurt
4:03 Loom
15:01 Feudal Age
15:20 Man-at-Arms
18:15 Wheelbarrow
20:29 Scale Mail Armor
21:13 Horse Collar
28:53 Padded Archer Armor
28:44 Fletching
34:51 Castle Age
35:36 Squires
34:57 Pikeman
35:00 Elite Skirmisher
37:06 Leather Archer Armor
36:46 Bodkin Arrow
37:07 Chain Mail Armor
37:02 Forging
36:36 Capped Ram
41:23 Ballistics
46:52 Imperial Age
45:33 Hand Cart
45:03 Town Watch
47:03 Iron Casting
48:16 Ring Archer Armor
48:17 Plate Mail Armor
48:48 Blast Furnace
47:16 Halberdier
48:24 Light Cavalry
49:15 Bloodlines
50:39 Chemistry
51:44 Scale Barding Armor
51:46 Hussar
54:14 Conscription
55:48 Heavy Plow
56:36 Chain Barding Armor
56:07 Siege Ram
我儿陆振洋
18:44 Feudal Age
20:25 Double-Bit Axe
23:30 Scale Barding Armor
23:36 Forging
27:38 Castle Age
25:26 Domestication
34:07 Bow Saw
34:02 Pastoralism
33:54 Gold Mining
33:56 Stone Mining
37:47 Wheelbarrow
37:47 Loom
38:09 Padded Archer Armor
38:00 Fletching
37:47 Heavy Cavalry Archer
41:18 Imperial Age
39:50 Stone Shaft Mining
41:11 Hand Cart
41:12 Thumb Ring
41:30 Ballistics
43:19 Transhumance
43:41 Parthian Tactics
43:43 Leather Archer Armor
43:23 Bodkin Arrow
43:04 Crossbowman
43:26 Elite Skirmisher
44:54 Ring Archer Armor
45:49 Scale Mail Armor
46:24 Iron Casting
45:56 Bracer
45:58 Scale Mail Armor
45:36 Imperial Skirmisher
47:43 Chain Barding Armor
47:58 Iron Casting
47:28 Caravan
48:31 Chemistry
49:47 Chain Mail Armor
50:07 Plate Barding Armor
48:57 Pikeman
49:24 Arson
49:39 Squires
50:13 Conscription
50:05 Lamellar Armor
50:39 Light Cavalry
51:20 Husbandry
51:31 Elite Fire Lancer
53:25 Two-Man Saw
53:08 Hussar
62:00 Guilds
62:08 Guilds
62:42 Elite Steppe Lancer
Connection lost

Rejoining the realm…

Still unreachable

The connection could not be restored.

Session expired

The server has moved on; the page needs a fresh start.